Map: Pillars of Gold LE

Players

Dismay - Winner!

  • Race: Terran Terran
  • Spawn Location: 1:00

MarcoMan

  • Race: Protoss Protoss
  • League: Master
  • Spawn Location: 7:00

VOD

Have the link to the VOD?

Description

Time

  • Played on: Jan. 18, 2021, 9:22 p.m.
  • Length: 5:52
Show
View Real Time Build Order
Export as new Build Order

Dismay Terran - Winner!

Build Orders:  

Get SALT Encoding   

  12  0:00  SCV  
  13  0:13  SCV  
  14  0:19  Supply Depot  
  14  0:25  SCV  
  15  0:45  Barracks, Refinery  
  15  0:48  SCV  
  16  0:56  Refinery  
  16  1:00  SCV  
  17  1:12  SCV  
  18  1:24  SCV  
  19  1:32  Reaper  
  20  1:37  Orbital Command  
  20  1:42  Supply Depot  
  20  1:51  Factory  
  20  2:02  SCV  
  20  2:04  Reaper  
  22  2:14  SCV  
  23  2:27  SCV  
  24  2:35  Factory Reactor  
  23  2:43  Command Center  
  23  2:48  Starport  
  23  2:49  SCV  
  24  3:01  SCV  
  25  3:12  Widow Mine x2  
  29  3:13  Supply Depot  
  30  3:26  Medivac  
  31  3:34  SCV  
  31  3:35  Widow Mine x2  
  36  3:46  SCV  
  37  3:55  Factory  
  37  3:56  Orbital Command  
  37  4:02  Hellion  
  40  4:03  Hellion  
  40  4:09  SCV  
  42  4:10  Starport Tech Lab  
  42  4:14  Orbital Command  
  42  4:21  SCV  
  43  4:25  Hellion x2  
  47  4:33  SCV  
  47  4:45  SCV  
  48  4:48  SCV  
  48  4:51  Starport Tech Lab  
  49  4:53  Siege Tank  
  49  4:57  SCV  
  53  5:00  SCV  
  53  5:04  Supply Depot x2  
  54  5:19  SCV x2  
  52  5:31  SCV x2  
Show
View Real Time Build Order
Export as new Build Order

MarcoMan Protoss 

Build Orders: 1 Gate Expand 

Get SALT Encoding   

  12  0:01  Probe  
  13  0:13  Probe  
  14  0:18  Pylon  
  14  0:25  Probe  
  15  0:37  Probe (Chrono Boost)  
  15  0:38  Gateway  
  16  0:49  Probe (Chrono Boost)  
  17  0:50  Assimilator  
  17  0:54  Probe (Chrono Boost)  
  18  1:04  Probe  
  19  1:16  Probe  
  20  1:26  Cybernetics Core  
  20  1:29  Probe  
  21  1:42  Nexus  
  21  1:48  Pylon  
  21  1:54  Pylon  
  21  2:01  Stalker (Chrono Boost)  
  23  2:12  Probe  
  23  2:24  Probe  
  23  2:27  Warp Gate (Chrono Boost)  
  24  2:41  Probe  
  24  2:43  Assimilator  
  24  2:45  Adept  
  26  2:53  Probe  
  27  2:58  Probe  
  28  3:06  Probe  
  28  3:11  Probe  
  30  3:16  Twilight Council  
  30  3:22  Shield Battery  
  30  3:28  Gateway  
  30  3:30  Gateway  
  30  3:32  Probe x2  
  32  3:44  Probe x2  
  32  3:56  Probe (Chrono Boost)  
  32  3:57  Probe (Chrono Boost)  
  32  4:01  Robotics Facility  
  34  4:08  Probe (Chrono Boost)  
  34  4:09  Probe (Chrono Boost)  
  36  4:11  Stalker  
  36  4:15  Probe x2 (Chrono Boost)  
  40  4:22  Pylon  
  40  4:23  Probe  
  41  4:25  Stalker  
  41  4:29  Stalker  
  35  4:47  Stalker  
  35  4:50  Probe (Chrono Boost)  
  35  4:51  Probe (Chrono Boost)  
  39  4:54  Observer  
  40  5:02  Probe (Chrono Boost)  
  40  5:03  Probe (Chrono Boost)  
  40  5:04  Assimilator  
  40  5:06  Forge  
  42  5:09  Stalker, Probe x2 (Chrono Boost)  
  42  5:13  Pylon  
  46  5:15  Observer  
  43  5:22  Stalker x2  
  36  5:49  Stalker  
Tags
 
League
Master
Matchup
PvT
Replay Pack
Weekend
Spawn Locations
Cross Positions
Add a new tag
Caveats
  • Supply blocks, unpowered buildings, or Contaminate may cause inaccurate times.
  • Supply counts are checked every 10 seconds.